 Dungeon Sprint DCSS version 0.17-a0-1210-g1e4f09d (webtiles) character file.

25 Kidiri the Sneak (level 2, -13/16 HPs)
             Began as a Spriggan Assassin on June 3, 2015.
             Mangled by Crazy Yiuf
             ... wielding a +4 quarterstaff of chaos
              (15 damage)
             ... in the Dungeon (Sprint III: "The Ten Rune Challenge").
             The game lasted 00:01:32 (518 turns).

Kidiri the Sneak (Spriggan Assassin)                 Turns: 518, Time: 00:01:34

Health: -13/16     AC:  3    Str:  7    XL:     2   Next: 82%
Magic:  3/3        EV: 19    Int: 12    God:
Gold:   0          SH:  0    Dex: 17    Spells: 0 memorised, 1 level left

rFire  . . .     SeeInvis +     b - +0 blowgun
rCold  . . .     Clarity  .     c - +0 robe
rNeg   . . .     SustAt   .     (shield restricted)
rPois  .         Gourm    .     (helmet restricted)
rElec  .         Spirit   .     d - +0 cloak
rCorr  .         Warding  .     (gloves unavailable)
rMut   .         NoTele   +     (boots unavailable)
MR     .....                    (no amulet)
Stlth  ++++......               (no ring)
                                (no ring)

@: slowed, quick, not resistant to hostile enchantments, stealthy
A: unfitting armour, see invisible, herbivore 3, speed 3, slow metabolism 2
a: no special abilities


You were in the Dungeon.
You were not hungry.

You visited 1 branch

Inventory:

Hand weapons
 a - a +2 dagger
 b - a +0 blowgun (weapon)
Missiles
 e - 4 poisoned needles (quivered)
 f - 2 curare-tipped needles
Armour
 c - a +0 robe (worn)
 d - a +0 cloak (worn)
Scrolls
 m - a scroll of blinking
Potions
 h - 2 potions of curing
 i - a potion of heal wounds
 j - a potion of haste
 k - 2 potions of magic
 l - a potion of berserk rage
Comestibles
 g - a bread ration
 n - a royal jelly


   Skills:
 * Level 2.5 Fighting
 * Level 2.3 Short Blades
 * Level 3.5 Throwing
 * Level 4.0 Dodging
 * Level 7.1 Stealth


You had one spell level left.
You didn't know any spells.

Dungeon Overview and Level Annotations

Branches:
Dungeon (1/1)

Altars:

Annotations:
D Crazy Yiuf


Innate Abilities, Weirdness & Mutations

You are tiny and cannot use many weapons and most armour.
You have supernaturally acute eyesight.
You are a herbivore.
You cover ground extremely quickly.
You need consume almost no food.


Message History

Crazy Yiuf is lightly wounded.
Crazy Yiuf misses you.
Firing (i - inventory. (,) - cycle):
e - 6 poisoned needles (quivered)
Press: ? - help, Shift-Dir - straight line, f/p - Crazy Yiuf
Aim: Crazy Yiuf, wielding a quarterstaff of chaos and wearing a cloak (moderately wounded, poisoned)
You shoot a poisoned needle. The poisoned needle hits Crazy Yiuf!
Crazy Yiuf looks even sicker.
Crazy Yiuf is moderately wounded.
Crazy Yiuf misses you. x2
Firing (i - inventory. (,) - cycle):
e - 5 poisoned needles (quivered)
Press: ? - help, Shift-Dir - straight line, f/p - Crazy Yiuf
Aim: Crazy Yiuf, wielding a quarterstaff of chaos and wearing a cloak (heavily wounded, poisoned)
You shoot a poisoned needle. The poisoned needle hits Crazy Yiuf!
Crazy Yiuf is heavily wounded.
Crazy Yiuf hits you with a quarterstaff of chaos!
Ouch! That really hurt!
* * * LOW HITPOINT WARNING * * *
You are electrocuted!
Ouch! That really hurt!
You die...

▓▓▓▓ ▓▓▓▓▓▓▓ ▓<.#
+.....♣ ▓..#
#.....♣
▓#'####.....♣
▓.....#(...≈♣♣♣
▓†....#(..≈≈♣...
▓.....#g.≈≈≈≈.♣♣ +
▓####'#@.≈≈≈≈≈≈♣♣.#
▓.....#.≈≈≈≈≈≈....#
▓.....#.≈≈≈≈≈.....#
▓.....#.≈≈≈.......#
▓'#####...........#
▓.÷...............#
▓▓▓▓▓▓▓▓▓▓▓▓▓▓▓▓▓▓▓


You could see Crazy Yiuf.

Vanquished Creatures
  A human (D)
  An ooze (D)
  3 rats (D)
5 creatures vanquished.

Vanquished Creatures (others)
  A draconian scorcher (D)
  A yaktaur (D)
2 creatures vanquished.

Grand Total: 7 creatures vanquished

Notes
Turn   | Place    | Note
--------------------------------------------------------------
     0 | D        | Kidiri the Spriggan Assassin began the quest for the Orb.
     0 | D        | Reached XP level 1. HP: 10/10 MP: 2/2
     6 | D        | Reached skill level 6 in Stealth
     9 | D        | Reached skill level 1 in Short Blades
    54 | D        | Killed a yaktaur
    82 | D        | Reached skill level 7 in Stealth
    82 | D        | Reached XP level 2. HP: 1/16 MP: 3/3
   476 | D        | Killed a white draconian scorcher
   501 | D        | Noticed Crazy Yiuf
   518 | D        | Mangled by Crazy Yiuf

Vault maps used:
D:        dungeon_sprint_mu

Action                   || total
-------------------------++-------
Melee: Dagger            ||    14
 Fire: Blowgun           ||    10
 Stab: Sleeping          ||     2
